 Dungeon Crawl Stone Soup version 0.28-a0-1241-gf280a0fbb2 (webtiles) character file.

Game seed: 15185993088523034146

249 Gargoyl the Skirmisher (level 6, -2/53 HPs)
             Began as a Gnoll Abyssal Knight on Dec 26, 2021.
             Was a Believer of Lugonu.
             Succumbed to a kobold's poison
             ... on level 4 of the Dungeon.
             The game lasted 00:03:37 (3850 turns).

Gargoyl the Skirmisher (Gnoll Abyssal Knight)       Turns: 3850, Time: 00:03:38

Health: -2/53      AC: 13    Str: 14    XL:     6   Next: 12%
Magic:  9/9        EV:  5    Int:  9    God:    Lugonu [**....]
Gold:   127        SH:  0    Dex: 13    Spells: 8/8 levels left

rFire   . . .      SeeInvis .   a - +2 hand axe
rCold   . . .      Faith    .   (no shield)
rNeg    + . .      Spirit   .   h - +0 plate armour
rPois   .          Reflect  .   f - +0 helmet
rElec   .          Harm     .   (no cloak)
rCorr   .          Rampage  .   (no gloves)
Will    .....                   (no boots)
Stlth   ..........              (no amulet)
HPRegen 0.17/turn               g - ring of positive energy
MPRegen 0.11/turn               (no ring)

@: lethally poisoned (-2 -> -16)
A: fangs 1, strong nose, distributed training, subdued magic 1, devolution 1
a: Renounce Religion, Depart the Abyss, Bend Space


You were on level 4 of the Dungeon.
You worshipped Lugonu.
Lugonu was pleased with you.
You visited 1 branch of the dungeon, and saw 4 of its levels.
You visited the Abyss 1 time.

You collected 127 gold pieces.

Inventory:

Hand Weapons
 a - a +2 hand axe (weapon)
Missiles
 c - 16 poisoned darts (quivered)
Armour
 f - a +0 helmet (worn)
 h - a +0 plate armour (worn)
Jewellery
 g - a ring of positive energy (left hand)
Wands
 b - a wand of charming (3)
Scrolls
 e - a scroll of brand weapon {unknown}
 k - a scroll of torment {unknown}
 o - a scroll of identify
Potions
 d - a potion of magic
 i - a potion of curing {unknown}
 j - a potion of flight {unknown}
 l - a potion of brilliance {unknown}
 m - a potion of degeneration {unknown}
 n - a potion of might {unknown}


   Skills:
 + Level 6.8 Fighting
 + Level 1.8 Short Blades
 + Level 1.8 Long Blades
 + Level 4.9 Axes
 + Level 1.8 Maces & Flails
 + Level 1.8 Polearms
 + Level 1.8 Staves
 + Level 1.8 Slings
 + Level 1.8 Bows
 + Level 1.8 Crossbows
 + Level 1.8 Throwing
 + Level 4.9 Armour
 + Level 3.1 Dodging
 + Level 1.8 Stealth
 + Level 1.8 Shields
 + Level 1.8 Unarmed Combat
 + Level 1.8 Spellcasting
 + Level 1.4 Conjurations
 + Level 1.4 Hexes
 + Level 1.4 Summonings
 + Level 1.4 Necromancy
 + Level 1.4 Translocations
 + Level 1.4 Transmutations
 + Level 1.4 Fire Magic
 + Level 1.4 Ice Magic
 + Level 1.4 Air Magic
 + Level 1.4 Earth Magic
 + Level 1.4 Poison Magic
 + Level 5.0 Invocations
 + Level 1.8 Evocations


You had 8 spell levels left.
You didn't know any spells.
Your spell library was empty.

Dungeon Overview and Level Annotations

Branches:
Dungeon (4/15)
 Temple: D:4-7

Altars:
Hepliaklqana
Okawaru
Vehumet


Innate Abilities, Weirdness & Mutations

You have very sharp teeth.
Your uncanny sense of smell can sniff out nearby items.
Your experience applies equally to all skills.
Your spells are a little easier to cast, but a little less powerful.
You have hidden genetic defects.


Message History

The iguana looks more healthy.
The iguana hisses menacingly.
Throw: 19 darts (poison)
Press: ? - help, Q - select action, (/) - cycle Shift-Dir - straight line, f/p - iguana
Aim: an iguana (severely wounded, 61% to hit)
You throw a poisoned dart.
The poisoned dart closely misses the iguana.
The poisoned dart barely misses the kobold.
The iguana bites you!
* * * LOW HITPOINT WARNING * * *
Throw: 18 darts (poison)
Press: ? - help, Q - select action, (/) - cycle Shift-Dir - straight line, f/p - iguana
Aim: an iguana (severely wounded, 61% to hit)
You throw a poisoned dart.
The poisoned dart closely misses the iguana.
The poisoned dart closely misses the kobold.
The iguana bites you but does no damage.
Throw: 17 darts (poison)
Press: ? - help, Q - select action, (/) - cycle Shift-Dir - straight line, f/p - iguana
Aim: an iguana (severely wounded, 64% to hit)
You throw a poisoned dart. The poisoned dart hits the iguana.
The iguana is poisoned.
The iguana is severely wounded.
The iguana barely misses you.
You kill the iguana!
Lugonu accepts your kill.
The kobold throws a poisoned dart.
The poisoned dart hits you!
You are lethally poisoned!
* * * LOW HITPOINT WARNING * * *
You feel very sick.
* * * LOW HITPOINT WARNING * * *
You feel sick.
The kobold throws a poisoned dart.
The poisoned dart hits you!
You are more poisoned.
* * * LOW HITPOINT WARNING * * *
You feel very sick. The kobold barely misses you.
You hit the kobold.
You kill the kobold!
Lugonu accepts your kill.
You die...

#.#
#..........#.#
#.#
#..........#.#
#.#
#..........#.#
#.#
#..........#>.
#.#
#######.#..###
#.# #.#..# #
#.# #.#..# #
#.#######
#.#..# #
##@.......
..######
#.).......
....
##.#######
#### #.# # #.#
# #.# # #.#
#(# #.#


There were no monsters in sight!

Vanquished Creatures
  A bullfrog (D:4)
  A centaur zombie (D:3)
  A hound (D:3)
  Terence (D:2)
  An iguana (D:4)
  An adder (D:2)
  A worm (D:3)
  A dart slug (D:2)
  5 orcs
  6 ball pythons
  A bat (D:1)
  7 endoplasms
  4 giant cockroaches
  7 goblins
  4 hobgoblins (D:1)
  3 jackals (D:3)
  2 kobolds
  7 rats
54 creatures vanquished.

Vanquished Creatures (others)
  2 starspawn tentacles (Abyss:1)
2 creatures vanquished.

Grand Total: 56 creatures vanquished

Notes
Turn   | Place    | Note
-------+----------+-------------------------------------------
     0 | Abyss:1  | Gargoyl the Gnoll Abyssal Knight began the quest for the
                  | Orb.
     0 | Abyss:1  | Reached XP level 1. HP: 23/23 MP: 3/3
    32 | Abyss:1  | Found a hide-covered altar of Uskayaw.
    64 | Abyss:1  | Noticed a quasit
    80 | Abyss:1  | Noticed a small abomination
    86 | Abyss:1  | Noticed a small abomination
    86 | Abyss:1  | Noticed a tentacled starspawn
   129 | Abyss:1  | Noticed a tentacled starspawn
   131 | D:1      | Escaped the Abyss
   179 | D:1      | Reached * piety under Lugonu
   346 | D:1      | Reached XP level 2. HP: 24/29 MP: 5/5
   896 | D:1      | Found a faded altar of an unknown god.
  1050 | D:2      | Reached XP level 3. HP: 26/35 MP: 6/6
  1292 | D:2      | Noticed Terence
  1307 | D:2      | Killed Terence
  1308 | D:2      | Reached skill level 1 in Short Blades
  1308 | D:2      | Reached skill level 1 in Long Blades
  1308 | D:2      | Reached skill level 1 in Maces & Flails
  1308 | D:2      | Reached skill level 1 in Polearms
  1308 | D:2      | Reached skill level 1 in Staves
  1308 | D:2      | Reached skill level 1 in Slings
  1308 | D:2      | Reached skill level 1 in Bows
  1308 | D:2      | Reached skill level 1 in Crossbows
  1308 | D:2      | Reached skill level 1 in Throwing
  1308 | D:2      | Reached skill level 1 in Stealth
  1308 | D:2      | Reached skill level 1 in Shields
  1308 | D:2      | Reached skill level 1 in Unarmed Combat
  1308 | D:2      | Reached skill level 1 in Spellcasting
  1308 | D:2      | Reached skill level 1 in Evocations
  1738 | D:2      | Reached XP level 4. HP: 21/41 MP: 7/7
  2219 | D:3      | Reached skill level 1 in Conjurations
  2219 | D:3      | Reached skill level 1 in Hexes
  2219 | D:3      | Reached skill level 1 in Summonings
  2219 | D:3      | Reached skill level 1 in Necromancy
  2219 | D:3      | Reached skill level 1 in Translocations
  2219 | D:3      | Reached skill level 1 in Transmutations
  2219 | D:3      | Reached skill level 1 in Fire Magic
  2219 | D:3      | Reached skill level 1 in Ice Magic
  2219 | D:3      | Reached skill level 1 in Air Magic
  2219 | D:3      | Reached skill level 1 in Earth Magic
  2219 | D:3      | Reached skill level 1 in Poison Magic
  2561 | D:3      | Reached XP level 5. HP: 44/47 MP: 8/8
  3067 | D:3      | Found a hazy altar of Hepliaklqana.
  3067 | D:3      | Found a radiant altar of Vehumet.
  3082 | D:3      | Found an iron altar of Okawaru.
  3084 | D:3      | Found a faded altar of an unknown god.
  3086 | D:3      | Found a faded altar of an unknown god.
  3093 | D:3      | Reached ** piety under Lugonu
  3347 | D:4      | Reached skill level 5 in Invocations
  3349 | D:4      | Gained mutation: You have hidden genetic defects. [potion
                  | of mutation]
  3349 | D:4      | Gained mutation: Your spells are a little easier to cast,
                  | but a little less powerful. [potion of mutation]
  3511 | D:4      | Reached XP level 6. HP: 53/53 MP: 9/9
  3849 | D:4      | HP: 2/53 [poisoned by a kobold]
  3850 | D:4      | Succumbed to a kobold's poison

Illustrated notes

Levels and vault maps discovered:
D:1:      dpeg_arrival_tiny_a, layout_basic, shapermc_ecumenical_altar_pompeii
D:2:      layout_rooms, uniq_terence
D:3:      layout_loops_ring, chequers_temple_overflow_minitemple
D:4:      layout_basic, st_stairs_6

Skill      XL: |  1  2  3  4  5 |
---------------+----------------+-----
Short Blades   | 1 |  1.8
Long Blades    | 1 |  1.8
Maces & Flails | 1 |  1.8
Polearms       | 1 |  1.8
Staves         | 1 |  1.8
Slings         | 1 |  1.8
Bows           | 1 |  1.8
Crossbows      | 1 |  1.8
Throwing       | 1 |  1.8
Stealth        | 1 |  1.8
Shields        | 1 |  1.8
Unarmed Combat | 1 |  1.8
Spellcasting   | 1 |  1.8
Evocations     | 1 |  1.8
Conjurations   | 1 |  1.4
Hexes          | 1 |  1.4
Summonings     | 1 |  1.4
Necromancy     | 1 |  1.4
Translocations | 1 |  1.4
Transmutations | 1 |  1.4
Fire Magic     | 1 |  1.4
Ice Magic      | 1 |  1.4
Air Magic      | 1 |  1.4
Earth Magic    | 1 |  1.4
Poison Magic   | 1 |  1.4
Dodging        | 3 |  3.1
Invocations    | 5 |  5.0
Fighting       | |  6.8
Axes           | |  4.9
Armour         | |  4.9

Action                   |  1- 3 |  4- 6 || total
-------------------------+-------+-------++-------
Melee: Hand axe          |    64 |    97 ||   161
       Bite              |     7 |    14 ||    21
Throw: Dart              |     1 |     9 ||    10
Invok: Depart the Abyss  |     1 |       ||     1
  Use: Scroll            |     3 |     6 ||     9
       Potion            |       |     1 ||     1
Armor: Leather armour    |     7 |       ||     7
       Chain mail        |     8 |    53 ||    61
       Ring mail         |     1 |       ||     1
       Plate armour      |       |    16 ||    16
Dodge: Dodged            |    33 |    46 ||    79

Table legend: (Time is in decaauts)
 A = Elapsed time spent in this place.
 B = Non-inter-level travel time spent in this place.
 C = Inter-level travel time spent in this place.
 D = Time resting spent in this place.
 E = Time spent auto-exploring this place.
 F = Levels seen in this place.
 G = Mean time per level.
                   A        B        C        D        E       F      G
               +--------+--------+--------+--------+--------+-----+--------+
         Total |   3859 |   3773 |     86 |      0 |   3124 |   5 |  771.8 |
       Dungeon |   3728 |   3642 |     86 |      0 |   3047 |   4 |  932.0 |
         Abyss |    131 |    131 |      0 |      0 |     77 |   1 |  131.0 |
               +--------+--------+--------+--------+--------+-----+--------+

Top non-repeatable levels by time:
     D:3: 1204 daAuts
     D:2: 963 daAuts
     D:1: 901 daAuts
     D:4: 658 daAuts
 Abyss:1: 131 daAuts
